 Dungeon Crawl Stone Soup version 0.28-b1-70-g80dc712255 (webtiles) character file.

Game seed: 105457037801977453

36135 cbfl8 the Severer (level 13, -29/123 HPs)
             Began as a Minotaur Berserker on Feb 4, 2022.
             Was a Priest of Trog.
             Annihilated by an entropy weaver simulacrum (34 damage)
             ... in an ice cave.
             The game lasted 00:53:57 (20538 turns).

cbfl8 the Severer (Minotaur Berserker)             Turns: 20538, Time: 00:53:58

Health: -29/123    AC: 24    Str: 28    XL:     13   Next: 51%
Magic:  12/12      EV: 14    Int:  8    God:    Trog [***...]
Gold:   1334       SH:  0    Dex: 11    Spells: 12/12 levels left

rFire   . . .      SeeInvis +   y - +6 war axe (vorpal)
rCold   . . .      Faith    .   E - orb {*Rage}
rNeg    . . .      Spirit   .   g - +2 plate armour
rPois   .          Reflect  .   p - +0 hat
rElec   .          Harm     .   X - +1 cloak
rCorr   .          Rampage  .   (no gloves)
Will    .....      Rage     20% B - +1 pair of boots
Stlth   ..........              (no amulet)
HPRegen 0.30/turn               W - +6 ring of strength
MPRegen 0.13/turn               m - ring "Vygg" {EV+4 Int+2}

@: on berserk cooldown, slowed, very slow
A: horns 2, retaliatory headbutt, see invisible, weak 1
a: Renounce Religion, Berserk, Trog's Hand


You were in an ice cave.
You worshipped Trog.
Trog was most pleased with you.
You visited 4 branches of the dungeon, and saw 18 of its levels.
You also visited: Ossuary, Bailey and Ice Cave.

You collected 1334 gold pieces.

Inventory:

Hand Weapons
 e - a +4 long sword
 u - the +8 hunting sling of the Demagogue {freeze, Str+4 SInv}
   (You found it on level 4 of the Dungeon)

   Any ammunition fired from it freezes those it strikes, dealing additional
   cold damage.
   It can also slow down cold-blooded creatures.
   Str:       It affects your strength (+4).
   SInv:      It lets you see invisible.
 y - a +6 vorpal war axe (weapon)
Missiles
 w - 271 stones
 R - 3 throwing nets (quivered)
Armour
 g - a +2 plate armour (worn)
 p - a +0 hat (worn)
 B - a +1 pair of boots (worn)
 E - an orb of wrath (worn)
 X - a +1 cloak (worn)
Jewellery
 a - an amulet of faith
 f - an amulet of guardian spirit
 i - a +4 ring of protection
 m - the ring "Vygg" (right hand) {EV+4 Int+2}
   (You found it on level 3 of the Dungeon)

   [ring of evasion]

   EV:        It affects your evasion (+4).
   Int:       It affects your intelligence (+2).
 v - a +4 ring of protection
 W - a +6 ring of strength (left hand)
Wands
 b - a wand of mindburst (1)
 c - a wand of acid (5)
 d - a wand of iceblast (10)
 G - a wand of paralysis (12)
 M - a wand of digging (9)
 Q - a wand of polymorph (12)
Scrolls
 o - 2 scrolls of fog
 q - 5 scrolls of immolation
 A - 2 scrolls of brand weapon
 D - a scroll of silence
 N - a scroll of torment
 S - 8 scrolls of teleportation
 V - a scroll of enchant weapon
Potions
 j - a potion of haste {unknown}
 k - a potion of resistance {unknown}
 r - 2 potions of attraction
 t - 4 potions of brilliance
 x - a potion of invisibility
 z - 3 potions of lignification
 F - a potion of mutation
 J - a potion of cancellation
 L - 2 potions of flight
 P - a potion of ambrosia {unknown}
Miscellaneous
 h - a phial of floods


   Skills:
 + Level 13.6 Fighting
 + Level 16.9(17.1) Axes
 + Level 3.8(11.7) Maces & Flails
 + Level 15.3 Armour
 + Level 4.8 Dodging
 + Level 1.6 Stealth
 + Level 7.3 Shields


You had 12 spell levels left.
You didn't know any spells.
Your spell library contained the following spells:

 Spells                   Type           Power      Damage    Failure   Level
 Animate Skeleton         Necr           0%         N/A       95%         1
 Pain                     Necr           0%         1d4       95%         1
 Shock                    Conj/Air       0%         1d3       95%         1
 Blink                    Tloc           0%         N/A       98%         2
 Dazzling Flash           Conj/Hex       0%         N/A       100%        3
 Lesser Beckoning         Tloc           0%         N/A       100%        3
 Swiftness                Air            0%         N/A       100%        3
 Vampiric Draining        Necr           0%         2d6       100%        3
 Airstrike                Air            0%         N/A       100%        4
 Agony                    Necr           0%         N/A       100%        5
 Manifold Assault         Tloc           0%         N/A       100%        5
 Silence                  Hex/Air        0%         N/A       100%        5


Dungeon Overview and Level Annotations

Branches:
Dungeon (12/15)            Temple (1/1) D:5            Lair (3/6) D:9
 Spider (0/4) Lair:3          Orc (2/2) D:10        Ossuary (visited)
 Bailey (visited)           IceCv (1/1)
  Swamp: Lair:2-4    Shoals: Lair:2-4       Elf: Orc:2

Altars:
Ashenzari
Cheibriados
Dithmenos
Elyvilon
Fedhas
Gozag
Hepliaklqana
Kikubaaqudgha
Makhleb
Nemelex Xobeh
Okawaru
Qazlal
Ru
Sif Muna
Trog
Uskayaw
Vehumet
Wu Jian
Xom
Yredelemnul
Zin
The Shining One

Shops:
D:4 =   D:9 *   Orc:2 [

Annotations:
D:2 1 runed translucent door, Crazy Yiuf
D:8 4 runed translucent doors
D:12 1 runed translucent door, Xqipyl's ghost, journeyman GrFE


Innate Abilities, Weirdness & Mutations

You have a pair of horns on your head.
You reflexively headbutt those who attack you in melee.
You have supernaturally acute eyesight. (SInv)
You are weak. (Str -2)


Message History

You closely miss the entropy weaver simulacrum.
You are engulfed in freezing vapours.
You are engulfed in freezing vapours.
The entropy weaver simulacrum hits you but does no damage. x2
The entropy weaver simulacrum misses you.
The entropy weaver simulacrum hits you but does no damage.
You feel a strong urge to attack something.
You are engulfed in freezing vapours.
You are no longer berserk.
You are exhausted.
You feel yourself slow down.
The entropy weaver simulacrum hits you but does no damage. x2
The entropy weaver simulacrum barely misses you.
The entropy weaver simulacrum hits you but does no damage.
You slash the entropy weaver simulacrum!
The entropy weaver simulacrum is moderately damaged.
You are engulfed in freezing vapours.
The entropy weaver simulacrum hits you but does no damage. x2
The entropy weaver simulacrum completely misses you.
The entropy weaver simulacrum hits you.
The entropy weaver simulacrum freezes you!!
You completely miss the entropy weaver simulacrum.
The entropy weaver simulacrum is moderately damaged.
You are engulfed in freezing vapours.
The entropy weaver simulacrum hits you but does no damage.
The entropy weaver simulacrum barely misses you.
The entropy weaver simulacrum hits you but does no damage.
The entropy weaver simulacrum hits you.
The entropy weaver simulacrum freezes you!!
* * * LOW HITPOINT WARNING * * *
You closely miss the entropy weaver simulacrum.
The entropy weaver simulacrum is moderately damaged.
You are engulfed in freezing vapours.
* * * LOW HITPOINT WARNING * * *
The entropy weaver simulacrum hits you but does no damage.
The entropy weaver simulacrum barely misses you.
The entropy weaver simulacrum hits you.
* * * LOW HITPOINT WARNING * * *
The entropy weaver simulacrum freezes you!!
You die...

#..#..[#...#
##.##..##...#
#..##..#....# ###
#..#..##..###
##.####.##..#...#
#...##..#..##°°##
#∩∩.....#..##°.#
#...##..#...#°○##
##.####.##..##@.#
### #..#..##Z.#
#..##.##.°.#
##..#..##.....
#..#...##....#
#..##...#....#
##..#...##..##
#..##...##.#
##..##..####


You could see an entropy weaver simulacrum.

Vanquished Creatures
  A quicksilver ooze (IceCv)
  A fire dragon (D:10)
  A boulder beetle (D:12)
  2 vault guards (Bailey)
  4 hydras
  8 two-headed ogres
  Urug (Lair:2)
  A manticore (D:11)
  A cyclops (D:9)
  An ice statue (IceCv)
  Joseph (D:8)
  3 molten gargoyles (D:9)
  5 cane toads
  2 kobold demonologists (D:11)
  3 komodo dragons
  2 ice devils (D:12)
  2 entropy weaver simulacra (IceCv)
  4 trolls
  2 hornets
  A slime creature (D:12)
  Prince Ribbit (Bailey)
  4 shadows
  4 wyverns
  A vampire (D:12)
  2 wraiths (D:11)
  14 yaks
  2 steam dragons
  A basilisk (D:9)
  3 vampire mosquitoes (D:10)
  6 water moccasins
  2 acid dragons
  3 demonic crawler simulacra (IceCv)
  14 orc warriors
  2 ice beasts
  3 black bears
  A hornet zombie (D:8)
  An ugly thing simulacrum (IceCv)
  12 ogres
  5 wolves (Lair:3)
  5 centaurs
  2 gnoll sergeants
  5 kobold brigands
  20 bullfrogs
  2 scorpions
  A glowing shapeshifter simulacrum (IceCv)
  A water moccasin skeleton (D:5)
  2 wights
  A killer bee (D:9)
  An electric eel (D:10)
  6 howler monkeys
  2 centaur zombies
  A jelly (D:6)
  3 hounds
  A centaur skeleton (D:6)
  A bullfrog skeleton (D:7)
  8 orc priests
  3 iguanas
  Natasha (thrice) (D:3)
  10 orc wizards
  Terence (D:3)
  3 mummies (Ossuary)
  4 howler monkey zombies
  13 gnolls
  8 river rats (D:5)
  8 adders
  A shadow imp (D:8)
  A white imp (D:6)
  An ufetubus (D:4)
  2 adder zombies
  An adder skeleton (D:5)
  A worm (D:2)
  4 dart slugs
  30 orcs
  7 endoplasms
  6 giant cockroaches
  11 goblins
  15 hobgoblins
  4 jackals
  5 quokkas
  9 ball pythons
  9 bats
  3 frilled lizards
  6 goblin zombies (Ossuary)
  4 hobgoblin zombies (Ossuary)
  16 kobolds
  3 kobold zombies (Ossuary)
  3 quokka zombies (Ossuary)
  18 rats
  A rat zombie (Ossuary)
403 creatures vanquished.

Vanquished Creatures (collateral kills)
  2 hydras
  A wolf spider (Lair:1)
  A molten gargoyle (D:9)
  A cane toad (Lair:1)
  A komodo dragon (Lair:2)
  A rime drake (Lair:2)
  A troll (D:9)
  A hornet (Lair:1)
  4 yaks (Lair:2)
  4 humans (Bailey)
  An orc warrior (Bailey)
  2 wights (D:8)
  An iguana (D:5)
  An orc wizard (D:5)
  An adder (Lair:1)
  2 orcs (Bailey)
  2 goblins (Bailey)
  2 quokkas (D:5)
  3 rats (D:5)
32 creatures vanquished.

Vanquished Creatures (others)
  26 fungi
  74 plants
100 creatures vanquished.

Grand Total: 535 creatures vanquished

Notes
Turn   | Place    | Note
-------+----------+-------------------------------------------
     0 | D:1      | cbfl8 the Minotaur Berserker began the quest for the Orb.
     0 | D:1      | Reached XP level 1. HP: 19/19 MP: 0/0
   314 | D:1      | Found a faded altar of an unknown god.
   515 | D:1      | Reached XP level 2. HP: 26/27 MP: 1/1
   560 | D:1      | Reached skill level 4 in Axes
   939 | D:1      | Reached ** piety under Trog
   940 | D:1      | Reached XP level 3. HP: 27/33 MP: 2/2
  2045 | D:2      | Reached XP level 4. HP: 41/41 MP: 3/3
  2323 | D:2      | Found a runed translucent door.
  2324 | D:2      | Noticed Crazy Yiuf
  2472 | D:3      | Noticed Terence
  2478 | D:3      | Killed Terence
  2491 | D:3      | Reached skill level 5 in Axes
  3186 | D:3      | Identified the ring "Vygg" {EV+4 Int+2}
  3264 | D:3      | Reached XP level 5. HP: 44/47 MP: 4/4
  3332 | D:3      | Reached *** piety under Trog
  3502 | D:3      | Noticed Natasha
  3510 | D:3      | Killed Natasha
  3773 | D:3      | Noticed Natasha
  3781 | D:3      | Killed Natasha
  3800 | D:3      | Noticed Natasha
  3808 | D:3      | Killed Natasha
  3809 | D:3      | Reached XP level 6. HP: 46/55 MP: 5/5
  3932 | D:4      | Found a sand-covered staircase.
  3936 | Ossuary  | Entered an ossuary
  3948 | Ossuary  | Reached skill level 5 in Armour
  4187 | D:4      | Identified the +8 hunting sling of the Demagogue {freeze,
                  | Str+4 SInv}
  4266 | D:4      | Reached **** piety under Trog
  4362 | D:4      | Reached skill level 5 in Fighting
  4402 | D:4      | Reached skill level 6 in Axes
  4658 | D:4      | Found Onuas's Jewellery Emporium.
  5277 | D:5      | Entered Level 5 of the Dungeon
  5317 | D:5      | Noticed an ice beast
  5326 | D:5      | Killed an ice beast
  5327 | D:5      | Reached XP level 7. HP: 61/61 MP: 6/6
  5456 | D:5      | Found a glowing silver altar of Zin.
  5456 | D:5      | Noticed an angel
  5479 | D:5      | Reached skill level 1 in Maces & Flails
  5505 | D:5      | Found a staircase to the Ecumenical Temple.
  5540 | Temple   | Entered the Ecumenical Temple
  5658 | D:5      | Reached skill level 1 in Shields
  6384 | D:5      | Reached XP level 8. HP: 70/70 MP: 7/7
  6477 | D:6      | Reached skill level 7 in Axes
  6875 | D:6      | Identified a scroll of acquirement
  6881 | D:6      | Acquired a +5 vorpal war axe
  7079 | D:6      | Identified the +1 chain mail "Atwuimejal" {rN+ Str+4}
  7594 | D:7      | Reached skill level 8 in Axes
  8591 | D:8      | Found a flagged portal.
  8618 | Bailey   | Entered a bailey
  8629 | Bailey   | Reached XP level 9. HP: 78/78 MP: 8/8
  8643 | Bailey   | Reached skill level 9 in Axes
  8885 | Bailey   | Reached skill level 10 in Axes
  9117 | Bailey   | Noticed a vault guard
  9117 | Bailey   | Noticed Prince Ribbit
  9123 | Bailey   | Killed Prince Ribbit
  9128 | Bailey   | Killed a vault guard
  9129 | Bailey   | Reached skill level 1 in Stealth
  9171 | Bailey   | Noticed a vault guard
  9188 | Bailey   | Killed a vault guard
  9189 | Bailey   | Reached skill level 11 in Axes
  9189 | Bailey   | Reached XP level 10. HP: 68/88 MP: 9/9
  9352 | D:8      | Noticed a five-headed hydra
  9359 | D:8      | Killed a seven-headed hydra
  9360 | D:8      | Reached skill level 5 in Shields
  9384 | D:8      | Found a huge runed translucent gate.
  9385 | D:8      | Found a huge runed translucent gate.
  9387 | D:8      | Found a huge runed translucent gate.
  9388 | D:8      | Found a huge runed translucent gate.
  9388 | D:8      | Noticed a manticore
  9389 | D:8      | Noticed a manticore
  9398 | D:8      | Found a burning altar of Makhleb.
  9401 | D:8      | Found a stormy altar of Qazlal.
  9404 | D:8      | Found a sacrificial altar of Ru.
  9405 | D:8      | Found a snail-covered altar of Cheibriados.
  9405 | D:8      | Found a glowing golden altar of the Shining One.
  9514 | D:8      | Reached skill level 10 in Armour
  9605 | D:8      | Reached skill level 12 in Axes
  9615 | D:8      | Found a sparkling altar of Nemelex Xobeh.
  9615 | D:8      | Noticed Joseph
  9631 | D:8      | Killed Joseph
  9649 | D:8      | Found a radiant altar of Vehumet.
 10229 | D:9      | Noticed a two-headed ogre
 10239 | D:9      | Paralysed by a hornet for 2 turns
 10243 | D:9      | Gained mutation: You have supernaturally acute eyesight.
                  | (SInv) [potion of mutation]
 10243 | D:9      | Gained mutation: You are weak. (Str -2) [potion of
                  | mutation]
 10247 | D:9      | Paralysed by a hornet for 3 turns
 10582 | D:9      | Noticed a two-headed ogre
 10587 | D:9      | Killed a two-headed ogre
 10831 | D:9      | Noticed a two-headed ogre
 10841 | D:9      | Killed a two-headed ogre
 10920 | D:9      | Reached XP level 11. HP: 83/97 MP: 10/10
 10990 | D:9      | Killed a two-headed ogre
 11129 | D:9      | Found Jerron's Lightly-Used Armoury.
 11270 | D:9      | Reached skill level 13 in Axes
 12303 | D:9      | Reached skill level 14 in Axes
 12309 | D:9      | Found a staircase to the Lair.
 12428 | D:9      | Noticed a two-headed ogre
 12436 | D:9      | Killed a two-headed ogre
 12437 | D:9      | Reached skill level 10 in Fighting
 12813 | Lair:1   | Entered Level 1 of the Lair of Beasts
 12858 | Lair:1   | Noticed a seven-headed hydra
 12872 | Lair:1   | Killed a nine-headed hydra
 13074 | Lair:1   | Noticed a wolf spider
 13102 | Lair:1   | Killed a wolf spider
 13711 | Lair:2   | Reached XP level 12. HP: 107/107 MP: 11/11
 13756 | Lair:2   | Reached skill level 15 in Axes
 13821 | Lair:2   | You fall into a shaft and drop 1 floor!
 13907 | Lair:2   | Noticed a six-headed hydra
 13913 | Lair:2   | Killed a nine-headed hydra
 14215 | D:10     | Entered Level 10 of the Dungeon
 14293 | D:10     | Found a staircase to the Orcish Mines.
 14890 | Lair:2   | Noticed a four-headed hydra
 14899 | Lair:2   | Killed an eight-headed hydra
 15112 | Lair:2   | Noticed Urug
 15123 | Lair:2   | Reached skill level 16 in Axes
 15124 | Lair:2   | Killed Urug
 16077 | D:10     | Noticed a fire dragon
 16091 | D:10     | Killed a fire dragon
 16381 | D:10     | Noticed a two-headed ogre
 16388 | D:10     | Killed a two-headed ogre
 16845 | Orc:1    | Entered Level 1 of the Orcish Mines
 16988 | Orc:1    | Noticed a two-headed ogre
 16993 | Orc:1    | Killed a two-headed ogre
 17042 | Orc:1    | Reached XP level 13. HP: 105/119 MP: 12/12
 17219 | Orc:2    | Entered Level 2 of the Orcish Mines
 17328 | Orc:2    | Found Zozy's Armour Shop.
 19106 | D:11     | Identified the +8 hand axe "Rerche" {vorpal, rC+ Will-
                  | rCorr Str+4}
 19433 | D:12     | Found a runed translucent door.
 19435 | D:12     | Noticed Xqipyl's ghost (journeyman GrFE)
 19516 | D:12     | Found a frozen archway.
 19527 | D:12     | Reached skill level 15 in Armour
 19575 | IceCv    | Entered an ice cave
 20461 | IceCv    | Identified the +1 scale mail of the Shining One's Fury
                  | {Will+++ Str-5 Dex-2 SInv}
 20522 | IceCv    | Noticed a quicksilver ooze
 20529 | IceCv    | Killed a quicksilver ooze
 20538 | IceCv    | HP: 6/123 [something (20)]
 20538 | IceCv    | Annihilated by an entropy weaver simulacrum

Illustrated notes

Levels and vault maps discovered:
D:1:      amcnicky_arrival_wind_blow, layout_basic,
          hellmonk_ecumenical_altar_arch_garden, minmay_hexomino_c4
D:2:      layout_loops_ring, uniq_crazy_yiuf_cottage
D:3:      layout_loops_ring, uniq_terence, uniq_natasha
D:4:      layout_basic, serial_rivers, chequers_serial_rivers_small_3,
          chequers_serial_rivers_small_3, chequers_serial_rivers_micro_c,
          chequers_serial_rivers_micro_b, chequers_serial_rivers_small_3,
          chequers_serial_rivers_micro_a, enter_ossuary_5, serial_shops,
          nicolae_shop_trees
D:5:      lemuel_ratsnest, layout_cave_pools, zin_angel,
          minmay_temple_entry_tees, minivault_23, minmay_misc_feat_x
D:6:      layout_rooms
D:7:      layout_basic, kennysheep_generic_room_8
D:8:      lemuel_bear_cage, layout_rooms, grunt_temple_overflow_open,
          enter_bailey_3, uniq_joseph
D:9:      nzn_winding_woodlands_small [nzn_winding_woodlands_5x15_sidewinder,
          nzn_winding_woodlands_center_garden,
          nzn_winding_woodlands_5x15_pockets], layout_stronghold,
          grunt_lair_entry_orc_guard_hut, minmay_shop_damaged, grunt_ogre_cave,
          minivault_8
D:10:     dragon1_lemuel, layout_layer_cave,
          kennysheep_orc_monster_closet_entryway
D:11:     layout_loops_ring, minmay_fractal_squares_5
D:12:     layout_long_grid, gammafunk_ghost_grave, portal_ice_cave_demonic_guard
Temple:   zaba_magenta_temple
Lair:1:   minmay_lair_venomous_thicket, layout_concentric_octagons
Lair:2:   layout_regular_city, uniq_urug
Lair:3:   dreamdust_isle_of_ice, layout_chaotic_city,
          nicolae_spider_entry_tight_spaces, infiniplex_staircase_pool_2,
          grunt_megastairs_1
Orc:1:    layout_diamond_mine, nicolae_shop_overcharged_wands, uniq_snorg
Orc:2:    st_orc_open, layout_caves, abandoned_shop, mines2_lemuel
IceCv:    ice_cave_hellmonk_azure_passage

Skill      XL: |  1  2  3  4  5  6  7  8  9 10 11 12 13 |
---------------+----------------------------------------+-----
Fighting       | 4 5 6 8 9 10 12 13 | 13.6
Axes           | 4 5 6 8 11 12 14 16 | 16.9
Dodging        | 3 4 |  4.8
Armour         | 3 4 5 6 7 9 10 12 14 15 | 15.3
Maces & Flails | 3 |  3.8
Shields        | 2 3 4 6 7 |  7.3
Stealth        | 1 |  1.6

Action                   |  1- 3 |  4- 6 |  7- 9 | 10-12 | 13-15 || total
-------------------------+-------+-------+-------+-------+-------++-------
Melee: Hand axe          |    75 |   134 |    57 |       |       ||   266
       Headbutt          |    11 |    24 |    32 |    88 |    37 ||   192
       Punch             |       |     3 |       |       |       ||     3
       Whip              |       |    24 |    53 |       |       ||    77
       War axe           |       |       |    77 |   381 |   134 ||   592
Invok: Berserk           |       |     2 |     2 |     9 |     2 ||    15
       Brothers in Arms  |       |       |     4 |     5 |     3 ||    12
       Trog's Hand       |       |       |       |     4 |     2 ||     6
  Use: Scroll            |       |     4 |     6 |    13 |     5 ||    28
       Potion            |       |       |       |     6 |     3 ||     9
Armor: Animal skin       |     8 |       |       |       |       ||     8
       Ring mail         |    24 |    11 |       |       |       ||    35
       Plate armour      |       |    46 |    92 |   261 |   176 ||   575
       Skin              |       |       |       |    14 |       ||    14
Dodge: Dodged            |    74 |   104 |    81 |   258 |   188 ||   705
Block: Kite shield       |       |    18 |    75 |   107 |       ||   200
